 Dungeon Crawl Stone Soup version 0.20.0-15-g7f486f2 (webtiles) character file.

119 NoAnimeNoLife the Cudgeler (level 4, -5/35 HPs)
             Began as a Demonspawn Fighter on June 13, 2017.
             Killed by divine providence
             ... invoked by an orc priest
              (15 damage)
             ... on level 3 of the Dungeon.
             The game lasted 00:02:44 (1588 turns).

NoAnimeNoLife the Cudgeler (Demonspawn Fighter)     Turns: 1588, Time: 00:02:45

Health: -5/35      AC:  6    Str: 21    XL:     4   Next: 74%
Magic:  4/4        EV:  7    Int: 10    God:
Gold:   95         SH:  9    Dex: 13    Spells: 3/3 levels left

rFire    + . .     SeeInvis .   a - +0 flail
rCold    + . .     Gourm    .   c - +0 shield
rNeg     . . .     Faith    .   b - +0 scale mail
rPois    +         Spirit   .   (no helmet)
rElec    +         Reflect  .   (no cloak)
rCorr    +         Harm     .   (no gloves)
MR       .....                  (no boots)
Stlth    ..........             (no amulet)
Regen    0.2/turn               (no ring)
MPRegen  0.1/turn               (no ring)

@: mighty, lethally poisoned (-5 -> -7), resistant
A: powered by death 2
a: no special abilities


You were on level 3 of the Dungeon.
You were not hungry.

You visited 1 branch of the dungeon, and saw 3 of its levels.

You collected 95 gold pieces.

Inventory:

Hand Weapons
 a - a +0 flail (weapon)
Armour
 b - a +0 scale mail (worn)
 c - a +0 shield (worn)
Scrolls
 e - a scroll of recharging {unknown}
 g - a scroll of immolation {unknown}
 h - a scroll of amnesia {unknown}
 i - 6 scrolls of identify {unknown}
 m - a scroll of enchant weapon {unknown}
Potions
 o - a potion of curing
Comestibles
 f - 3 bread rations
 j - 4 fruits
 k - a chunk of flesh
 q - a royal jelly


   Skills:
 - Level 3.2 Fighting
 + Level 4.2 Maces & Flails
 - Level 2.8 Armour
 - Level 2.8 Shields


You had 3 spell levels left.
You didn't know any spells.

Dungeon Overview and Level Annotations

Branches:
Dungeon (3/15)

Altars:
Ashenzari


Innate Abilities, Weirdness & Mutations

You regenerate health from kills.


Message History

You barely miss something.
You feel sick.
You hear some strange, mumbled words.
A puff of flame appears from out of thin air!
The puff of flame hits you! You resist.
You thump something!
Reactivating autopickup.
Your Maces & Flails skill increases to level 4!
You feel a bit more experienced.
The orc priest begins to cast a cantrip, but forgets the words!
The orc priest calls down the wrath of Beogh upon you.
Beogh smites you!
* * * LOW HITPOINT WARNING * * *
You hit the orc.
The orc is heavily wounded.
You feel sick. The orc barely misses you. The orc hits you but does no damage.
You barely miss the orc.
The orc is heavily wounded.
The orc priest invokes the aid of Beogh against you.
Beogh smites you!
You die...

.... #.# #.o##.# ###.###
#o.##.###.....#
##.............#
..o###.###.....# ..o#
#.# #..)..# ...# #.#
#.....#
..o###.###..############
...o.........goo@.......
######.###.o############
..###...o.........
........)...######
...##.†...###
..###.....# ..# #.....#
### ###.### ..#####.#


You could see 2 orc priests, an orc and a hobgoblin.

Vanquished Creatures
  An orc wizard (D:3)
  2 adders (D:2)
  An ooze (D:2)
  2 worms (D:2)
  A leopard gecko (D:1)
  6 orcs (D:3)
  9 bats
  2 giant cockroaches
  6 goblins
  6 hobgoblins
  6 jackals
  4 kobolds
  6 frilled lizards
  7 rats
59 creatures vanquished.

Notes
Turn   | Place    | Note
-------+----------+-------------------------------------------
     0 | D:1      | NoAnimeNoLife the Demonspawn Fighter began the quest for the Orb.
     0 | D:1      | Reached XP level 1. HP: 18/18 MP: 1/1
   139 | D:1      | Gained mutation: You regenerate a little health from kills. [demonic ancestry]
   139 | D:1      | Reached XP level 2. HP: 11/24 MP: 2/2
   339 | D:1      | Reached skill level 2 in Maces & Flails
   720 | D:1      | Reached XP level 3. HP: 16/29 MP: 3/3
   951 | D:2      | Reached skill level 3 in Maces & Flails
  1314 | D:2      | Gained mutation: You regenerate health from kills. [demonic ancestry]
  1314 | D:2      | Reached XP level 4. HP: 7/35 MP: 4/4
  1537 | D:3      | Found a shattered altar of Ashenzari.
  1586 | D:3      | Reached skill level 4 in Maces & Flails
  1588 | D:3      | Killed from afar by an orc priest

Skill      XL: |  1  2  3  4 |
---------------+-------------+-----
Maces & Flails | 2 3 4 |  4.2
Fighting       | |  3.2
Armour         | |  2.8
Shields        | |  2.8

Action                   |  1- 3 |  4- 6 || total
-------------------------+-------+-------++-------
Melee: Flail             |   179 |    40 ||   219
  Use: Potion            |       |     7 ||     7
 Stab: Invisible         |       |     4 ||     4
  Eat: Chunk             |     1 |     2 ||     3
Armor: Scale mail        |   126 |    14 ||   140
Dodge: Dodged            |    68 |    15 ||    83
Block: Shield            |   103 |    17 ||   120
